 Dungeon Crawl Stone Soup version 0.21-a0-522-ga8338f0 (webtiles) character file.

1444 mortelune the Magician (level 8, 0/41 HPs)
             Began as a Deep Elf Wizard on Dec 6, 2017.
             Slain by a gnoll (4 damage)
             ... on level 6 of the Dungeon on Dec 7, 2017.
             The game lasted 00:55:23 (9824 turns).

mortelune the Magician (Deep Elf Wizard)            Turns: 9824, Time: 00:55:23

Health: 0/41       AC:  3    Str:  4    XL:     8   Next: 46%
Magic:  12/21      EV: 15    Int: 26    God:
Gold:   187        SH:  0    Dex: 13    Spells: 8/22 levels left

rFire    . . .     SeeInvis .   C - +0 dagger (holy)
rCold    . . .     Gourm    .   (no shield)
rNeg     . . .     Faith    .   a - +0 robe
rPois    .         Spirit   .   y - +0 helmet
rElec    .         Reflect  .   (no cloak)
rCorr    .         Harm     .   (no gloves)
MR       .....                  (no boots)
Stlth    ++........             (no amulet)
HPRegen  0.13/turn              (no ring)
MPRegen  0.17/turn              (no ring)

@: no status effects
A: no striking features
a: no special abilities


You were on level 6 of the Dungeon.
You were near starving.

You visited 1 branch of the dungeon, and saw 6 of its levels.

You collected 187 gold pieces.

Inventory:

Hand Weapons
 k - a +0 whip
 m - a +0 dagger of speed
 o - a +1 hunting sling
 s - a +0 mace
 v - a +2 mace of holy wrath
 A - a +1 flail of venom
 B - a +0 short sword
 C - a +0 dagger of holy wrath (weapon)
 E - a +0 hunting sling
Missiles
 h - 133 stones (quivered)
 p - 67 sling bullets
Armour
 a - a +0 robe (worn)
 b - a +0 hat
 y - a +0 helmet (worn)
 z - a +0 leather armour
Jewellery
 t - an uncursed ring of magical power {unknown}
 D - an uncursed ring of fire {unknown}
Scrolls
 e - a scroll of enchant weapon
 g - a scroll of immolation
 i - a scroll of fog
 n - 5 scrolls of identify
 r - a scroll of amnesia {unknown}
 u - a scroll of noise
Potions
 f - a potion of ambrosia
 l - 4 potions of degeneration
 x - a potion of curing {unknown}
 F - a potion of might
Books
 c - a book of Minor Magic

   Spells                             Type                      Level
   a - Magic Dart                     Conjuration                  1
   b - Blink                          Translocation                2
   c - Call Imp                       Summoning                    2
   d - Slow                           Hexes                        2
   e - Conjure Flame                  Conjuration/Fire             3
   f - Mephitic Cloud                 Conjuration/Poison/Air       3
 q - a book of Misfortune

   Spells                             Type                      Level
   a - Confusing Touch                Hexes                        1
   b - Confuse                        Hexes                        3
   c - Gell's Gravitas                Translocation                3
   d - Petrify                        Transmutation/Earth          4
   e - Metabolic Englaciation         Hexes/Ice                    5
   f - Yara's Violent Unravelling     Hexes/Transmutation          5
Comestibles
 d - 3 bread rations
 j - a meat ration
 w - 3 fruits


   Skills:
 + Level 6.0 Dodging
 - Level 2.4 Stealth
 + Level 7.5 Spellcasting
 * Level 7.2 Conjurations
 + Level 4.7 Hexes
 - Level 2.0 Summonings
 - Level 2.0 Translocations
 - Level 1.8 Fire Magic


You had 8 spell levels left.
You knew the following spells:

 Your Spells              Type           Power        Failure   Level  Hunger
a - Magic Dart            Conj           ####         1%          1    None
b - Call Imp              Summ           ###.....     4%          2    None
c - Blink                 Tloc           N/A          4%          2    None
d - Conjure Flame         Conj/Fire      ####....     2%          3    None
e - Mephitic Cloud        Conj/Pois/Air  ###.....     7%          3    None
f - Confuse               Hex            ####....     2%          3    None


Dungeon Overview and Level Annotations

Branches:
Dungeon (6/15)
 Temple: D:4-7

Altars:
Fedhas

Annotations:
D:5 2 runed doors
D:6 mortelune's ghost, novice DEWz


Message History

Your crimson imp closely misses mortelune's ghost.
The orc barely misses your crimson imp.
Mortelune's ghost gestures at you while chanting.
The magic dart hits you!
You see here a quarterstaff.
Your crimson imp closely misses the crimson imp.
Mortelune's ghost whispers, "There is no future for you."
The centaur shouts!
The centaur shoots an arrow.
The arrow completely misses you. Something hits your crimson imp.
The centaur shoots an arrow.
The arrow hits you!
You see here an arrow.
The centaur shoots an arrow.
The arrow hits you!
* * * LOW HITPOINT WARNING * * *
x2 You see here an arrow.
The centaur unwields an uncursed shortbow of velocity.
The centaur closely misses you. The gnoll barely misses you.
You hit the centaur but do no damage. The centaur misses you.
The crimson imp blinks!
The gnoll hits you.
You die...

g##.# #)## ######## #.#
g##.# #.o# #......# #.#
5##o# ##.###......# #.#
.##.# #(5##......# #.#
.##.##########ยง##......#
#.#
.##g5.......##..#......#
#.#
...g........#..W.......#
#.#
##########..#.#g#......#
#.# # #..#.#.@c.....# #.#
$ .c.#.#........# #.#
####### #.##.#5.......#
#.# ......#
#.##.#.#.#.#### #.#
#####.# #.##.#....... #.#
#.####.##.#.........
###.###
#......##.#..........
#......
#.....(##.#..........
#...###
#.........#..........
#...#


You could see a centaur, mortelune's ghost, a gnoll, a crimson imp, an orc and a
friendly crimson imp.

Vanquished Creatures
  The ghost of Laiders the Cudgeler, an amateur HOMo of Zin (D:4)
  An ice beast (D:6)
  2 ogres (D:5)
  A necrophage (D:5)
  2 centaurs
  A water moccasin skeleton (D:6)
  A hound (D:6)
  A jelly (D:6)
  3 worker ants (D:5)
  A hound zombie (D:6)
  4 adders
  An adder skeleton (D:5)
  2 worms
  A dart slug (D:2)
  A leopard gecko (D:4)
  4 giant cockroaches
  14 goblins
  7 hobgoblins
  11 jackals
  8 kobolds
  3 quokkas
  2 ball pythons
  5 bats
  4 frilled lizards
  A quokka skeleton (D:5)
  9 rats
91 creatures vanquished.

Vanquished Creatures (collateral kills)
  Edmund (D:5)
  An ice beast (D:6)
  Duvessa (D:5)
  An ogre (D:4)
  A centaur (D:5)
  Dowan (D:5)
  A bullfrog zombie (D:5)
  A centaur zombie (D:5)
  A jelly (D:6)
  2 iguanas
  3 worker ants
  Robin (D:3)
  2 adders (D:2)
  A worm (D:3)
  A leopard gecko (D:4)
  A giant cockroach (D:1)
  2 goblins (D:3)
  2 hobgoblins
  5 jackals
  A quokka (D:1)
  A ball python (D:5)
  A bat (D:3)
  A rat (D:3)
33 creatures vanquished.

Grand Total: 124 creatures vanquished

Notes
Turn   | Place    | Note
-------+----------+-------------------------------------------
     0 | D:1      | mortelune the Deep Elf Wizard began the quest for the Orb.
     0 | D:1      | Reached XP level 1. HP: 10/10 MP: 7/7
   568 | D:1      | Reached XP level 2. HP: 15/15 MP: 6/9
   572 | D:1      | Learned a level 2 spell: Call Imp
   575 | D:1      | Learned a level 2 spell: Blink
  1831 | D:2      | Reached XP level 3. HP: 19/19 MP: 6/11
  2002 | D:2      | Learned a level 3 spell: Conjure Flame
  2484 | D:2      | Learned a level 3 spell: Mephitic Cloud
  3073 | D:3      | Reached XP level 4. HP: 16/24 MP: 3/12
  3506 | D:3      | Noticed Robin
  3584 | D:3      | Reached skill level 5 in Spellcasting
  3816 | D:3      | Killed Robin
  4221 | D:3      | You fall through a shaft for 3 floors!
  4479 | D:6      | Noticed a phantom
  4510 | D:5      | Entered Level 5 of the Dungeon
  4545 | D:5      | Noticed a sky beast
  4575 | D:5      | Reached skill level 1 in Fire Magic
  4575 | D:5      | Reached XP level 5. HP: 25/28 MP: 3/14
  4681 | D:5      | Noticed Duvessa
  4696 | D:5      | Killed Duvessa
  4699 | D:5      | Noticed Dowan
  4734 | D:5      | Killed Dowan
  4853 | D:5      | Noticed a centaur
  5173 | D:5      | Reached XP level 6. HP: 25/32 MP: 7/16
  5184 | D:5      | Learned a level 3 spell: Confuse
  5626 | D:4      | Noticed Laiders's ghost (amateur HOMo)
  5660 | D:4      | Reached skill level 1 in Hexes
  6032 | D:4      | Identified a scroll of acquirement
  6482 | D:4      | Found a blossoming altar of Fedhas.
  6682 | D:5      | Found a runed door.
  6690 | D:5      | Reached XP level 7. HP: 36/36 MP: 9/18
  6707 | D:5      | Found a runed door.
  6785 | D:5      | Reached skill level 5 in Conjurations
  7224 | D:4      | Killed Laiders's ghost
  7224 | D:4      | Reached skill level 5 in Dodging
  8192 | D:5      | Noticed Edmund
  8209 | D:5      | Killed Edmund
  8625 | D:5      | Reached XP level 8. HP: 41/41 MP: 9/20
  9668 | D:6      | Noticed mortelune's ghost (novice DEWz)
  9824 | D:6      | Slain by a gnoll

Vault maps used:
D:1:      dpeg_arrival_long_road
D:3:      first_bread, uniq_robin
D:4:      fedhas_bush_and_centaur_altar, kennysheep_dice
D:5:      lemuel_insect_pit, lightli_corner_chamber, uniq_duvessa, uniq_edmund
D:6:      enter_ossuary_3

Skill      XL: |  1  2  3  4  5  6  7  8 |
---------------+-------------------------+-----
Conjurations   | 2 3 4 6 7 |  7.2
Dodging        | 3 4 5 6 |  6.0
Spellcasting   | 5 6 7 |  7.5
Summonings     | 2 |  2.0
Translocations | 2 |  2.0
Fire Magic     | 1 |  1.8
Hexes          | 2 3 4 |  4.7
Stealth        | |  2.4

Action                   |  1- 3 |  4- 6 |  7- 9 || total
-------------------------+-------+-------+-------++-------
Melee: Whip              |     1 |       |       ||     1
       Dagger            |       |    26 |     1 ||    27
 Cast: Magic Dart        |    98 |   110 |   110 ||   318
       Call Imp          |    16 |    46 |    38 ||   100
       Conjure Flame     |       |     4 |     7 ||    11
       Blink             |       |     2 |     1 ||     3
       Confuse           |       |       |     4 ||     4
  Use: Scroll            |     3 |    11 |     2 ||    16
       Potion            |       |     3 |       ||     3
  Eat: Chunk             |     4 |     9 |     1 ||    14
       Royal jelly       |     1 |       |     1 ||     2
       Fruit             |       |     1 |     1 ||     2
       Meat ration       |       |       |     1 ||     1
Armor: Robe              |     5 |     9 |     8 ||    22
Dodge: Dodged            |    24 |    33 |    45 ||   102

Table legend:
 A = Spawn XP
 B = Non-spawn XP
 C = Spawn XP percentage of total XP
 D = Spawn monster count
 E = Non-spawn monster count
 F = Spawn count percentage of total count
 G = Total turns spent on level
                    A         B        C        D         E        F      G
               +---------+---------+-------+---------+---------+-------+---------
         Total |       0 |    2064 |   0.0 |       0 |     124 |   0.0 |  9824
               +---------+---------+-------+---------+---------+-------+---------
           D:1 |       0 |      40 |   0.0 |       0 |      26 |   0.0 |  1820
           D:2 |       0 |      49 |   0.0 |       0 |      21 |   0.0 |  1338
           D:3 |       0 |      65 |   0.0 |       0 |      30 |   0.0 |  1140
           D:4 |       0 |     523 |   0.0 |       0 |      16 |   0.0 |  1594
           D:5 |       0 |     914 |   0.0 |       0 |      22 |   0.0 |  2983
           D:6 |       0 |     473 |   0.0 |       0 |       9 |   0.0 |   949
               +---------+---------+-------+---------+---------+-------+---------
